AoeStats
← Baudouin IV

Nomad

509085884Analyzed
2v2 RM · 6d ago on Sep 25, 2026· 25m 32s· 4 players
Game mode
Random Map
Map size
176×176
Population
200
Speed
Normal
Resources
Standard
Victory
Conquest
Starting age
Dark Age
Ending age
Imperial Age
RankedLock teamsTeams togetherTeam positionsShared explorationLock speedFull tech treeHidden civsTurbo modeCheats
Victory
Defeat
🇭🇰 Varangians · Hong Kong SAR China
1010
+9
🇭🇰 Khitans · Hong Kong SAR China
666
+23
🇫🇷 Spanish · France
861
-17
🇫🇷 Khmer · France
815
-15
Baudouin IV
7:19 Loom
17:26 Feudal Age
18:55 Double-Bit Axe
18:59 Horse Collar
22:32 Castle Age
23:36 Bow Saw
24:54 Stone Mining
pi le pain
12:32 Feudal Age
15:09 Bloodlines
20:19 Horse Collar
松本一香
5:51 Loom
14:03 Feudal Age
15:23 Double-Bit Axe
18:27 Castle Age
16:30 Horse Collar
18:42 Forging
18:38 Scale Barding Armor
18:35 Gold Mining
21:16 Bloodlines
21:07 Husbandry
23:00 Bow Saw
22:51 Heavy Plow
24:35 Chain Barding Armor
25:06 Husbandry
Spivvery
13:08 Feudal Age
13:35 Loom
14:50 Double-Bit Axe
15:44 Fishing Lines
19:09 Wheelbarrow
20:54 Castle Age
19:45 Scale Mail Armor
19:55 Forging
20:36 Gold Mining
21:08 Fletching
22:16 Padded Archer Armor
21:51 Crossbowman
23:21 Gillnets
23:46 Thumb Ring
24:44 Leather Archer Armor
25:36 Bodkin Arrow
Connection lost

Rejoining the realm…

Still unreachable

The connection could not be restored.

Session expired

The server has moved on; the page needs a fresh start.